AoeStats
← Alex

Hideout

508209053Analyzed
1v1 RM · 10d ago on Sep 21, 2026· 25m 47s· 2 players
Game mode
Random Map
Map size
Tiny (2 player)
Population
200
Speed
Normal
Resources
Standard
Victory
Conquest
Starting age
Dark Age
Ending age
Imperial Age
RankedLock teamsTeams togetherTeam positionsShared explorationLock speedFull tech treeHidden civsTurbo modeCheats
Victory
Defeat
🇩🇪 Japanese · Germany
1557
+12
🇦🇷 Bulgarians · Argentina
1475
-12
REEE JUEGUITO
10:45 Feudal Age
9:01 Loom
15:01 Castle Age
13:26 Fletching
14:07 Town Watch
15:36 Bodkin Arrow
Alex
10:16 Feudal Age
13:55 Castle Age
12:44 Double-Bit Axe
12:46 Horse Collar
15:22 Loom
23:01 Scale Mail Armor
Connection lost

Rejoining the realm…

Still unreachable

The connection could not be restored.

Session expired

The server has moved on; the page needs a fresh start.